 Dungeon Crawl Stone Soup version 0.20.0-4-g10b340a (webtiles) character file.

133 Manul the Chopper (level 5, -10/42 HPs)
             Began as a Human Chaos Knight on May 28, 2017.
             Mangled by a rust devil (12 damage)
             ... summoned by Xom
             ... on level 3 of the Dungeon.
             The game lasted 00:02:18 (1983 turns).

Manul the Chopper (Human Chaos Knight)              Turns: 1983, Time: 00:02:19

Health: -10/42     AC: -9    Str: 16 (17) XL:     5   Next: 39%
Magic:  5/5        EV: 12    Int: 10 (12) God:    Xom [......]
Gold:   178        SH:  0    Dex: 13 (14) Spells: 4/4 levels left

rFire    x . .     SeeInvis .   f - +3 whip (venom)
rCold    + . .     Gourm    .   (no shield)
rNeg     . . .     Faith    .   b - +2 leather armour
rPois    .         Spirit   .   (no helmet)
rElec    .         Reflect  .   l - +0 cloak
rCorr    .         Harm     .   (no gloves)
MR       .....                  (no boots)
Stlth    +.........             (no amulet)
Regen    0.2/turn               d - ring of ice
MPRegen  0.1/turn               (no ring)

@: mighty, corroded
A: no striking features
a: Renounce Religion


You were on level 3 of the Dungeon.
You worshipped Xom.
You were a very special plaything of Xom.
You were not hungry.

You visited 1 branch of the dungeon, and saw 3 of its levels.

You collected 178 gold pieces.

Inventory:

Hand Weapons
 a - a +0 hand axe of chaos
 f - a +3 whip of venom (weapon)
Armour
 b - a +2 leather armour (worn)
 l - a +0 cloak (worn)
Jewellery
 d - a ring of ice (left hand)
Wands
 u - a wand of enslavement (5/24)
Scrolls
 h - 3 scrolls of remove curse {unknown}
 i - 2 scrolls of enchant armour {unknown}
 j - a scroll of amnesia {unknown}
 k - 4 scrolls of identify {unknown}
 p - a scroll of random uselessness {unknown}
 q - a scroll of fog {unknown}
Potions
 e - 2 potions of might
 m - a potion of degeneration
Comestibles
 c - 3 bread rations
 g - 2 royal jellies
 n - 4 fruits
 t - 5 chunks of flesh


   Skills:
 + Level 3.9 Fighting
 + Level 4.2 Axes
 + Level 0.6(2.6) Maces & Flails
 + Level 2.6 Armour
 + Level 1.7 Dodging
 + Level 0.7 Stealth


You had 4 spell levels left.
You didn't know any spells.

Dungeon Overview and Level Annotations

Branches:
Dungeon (3/15)

Altars:
Hepliaklqana
Zin


Message History

It was a potion of curing.
You feel better.
Xom thinks this is hilarious!
The rust devil hits you.
* * * LOW HITPOINT WARNING * * *
The rust devil corrodes you! The crimson imp hits you.
* * * LOW HITPOINT WARNING * * *
Unknown command.
It was a potion of degeneration.
There was something very wrong with that liquid.
You feel weakened.
You feel dopey.
You feel clumsy. The rust devil hits you.
* * * LOW HITPOINT WARNING * * *
The rust devil corrodes you! The crimson imp barely misses you.
Unknown command.
As you read the scroll labeled NIYH ITTU DIURUS, it crumbles to dust.
It is a scroll of enchant weapon.
Your +2 whip of venom glows red for a moment.
The rust devil hits you!
You die...
Xom guffaws!

........
................#.>#
........
.#+########....#<.#
######## #.#.#
#....##.# ........
#.# #....##.#
######## #.#
#....##.# # #K#
#....##.# # #.#
#....##.# # #5# #.#
# #@# #.# # #4# #.#
# #.# #.# #.# #.#
#.# #.# #.# #.#
#.##############.#
#...5............#
##################


You could see a rust devil, a crimson imp and a kobold (inner flame).

Vanquished Creatures
  A worker ant (D:3)
  4 adders
  2 gnolls (D:2)
  3 worms
  3 dart slugs (D:1)
  An orc (D:3)
  2 ball pythons
  4 bats
  A giant cockroach (D:1)
  2 goblins (D:1)
  3 hobgoblins
  A quokka (D:3)
  2 frilled lizards
  6 kobolds
  7 rats
42 creatures vanquished.

Vanquished Creatures (collateral kills)
  A gnoll (D:2)
1 creature vanquished.

Grand Total: 43 creatures vanquished

Notes
Turn   | Place    | Note
-------+----------+-------------------------------------------
     0 | D:1      | Manul the Human Chaos Knight began the quest for the Orb.
     0 | D:1      | Reached XP level 1. HP: 18/18 MP: 1/1
   144 | D:1      | Reached XP level 2. HP: 24/24 MP: 2/2
   449 | D:1      | Reached XP level 3. HP: 26/29 MP: 3/3
   612 | D:2      | XOM: cast spell 'Leda's Liquefaction'
  1024 | D:2      | XOM: divination: detect creatures
  1029 | D:2      | Reached XP level 4. HP: 3/37 MP: 4/4
  1040 | D:2      | XOM: cast spell 'Call Canine Familiar'
  1646 | D:3      | Reached skill level 4 in Axes
  1698 | D:3      | Found a hazy altar of Hepliaklqana.
  1698 | D:3      | Found a glowing silver altar of Zin.
  1762 | D:3      | Reached XP level 5. HP: 36/42 MP: 5/5
  1843 | D:3      | XOM: silly message
  1860 | D:3      | XOM: enchant monster (bad)
  1965 | D:3      | XOM: summons 2 hostile demons
  1966 | D:3      | Noticed a rust devil
  1982 | D:3      | HP: 1/42 [rust devil[Xom] (2)]
  1983 | D:3      | Mangled by a rust devil

Skill      XL: |  1  2  3  4 |
---------------+-------------+-----
Axes           | 4 |  4.2
Fighting       | |  3.9
Maces & Flails | |  0.6
Armour         | |  2.6
Dodging        | |  1.7
Stealth        | |  0.7

Action                   |  1- 3 |  4- 6 || total
-------------------------+-------+-------++-------
Melee: Hand axe          |    81 |       ||    81
       Whip              |     4 |    50 ||    54
  Use: Potion            |       |     3 ||     3
       Scroll            |       |     2 ||     2
  Eat: Chunk             |       |     3 ||     3
Armor: Leather armour    |    26 |    11 ||    37
Dodge: Dodged            |    47 |    21 ||    68
